 Dungeon Crawl Stone Soup version 0.31.0-32-g396128a36d (webtiles) character file.

Game seed: 16842772363210370972

3030 H0rd4k the Martial Artist (level 9, 0/61 HPs)
             Began as an Octopode Artificer on Mar 19, 2024.
             Was an Initiate of Gozag.
             Slain by a gnoll sergeant
             ... wielding a +0 trident of protection
              (6 damage)
             ... on level 8 of the Dungeon.
             The game lasted 00:09:44 (6884 turns).

H0rd4k the Martial Artist (Octopode Artificer)      Turns: 6884, Time: 00:09:45

Health: 0/61       AC:  1    Str: 14    XL:     9   Next: 86%
Magic:  9/9        EV: 13    Int: 17    God:    Gozag
Gold:   405        SH:  0    Dex: 12    Spells: 8/8 levels left

rFire   . . .        w - +8 long sword of Poogar {heavy, rElec rPois rN+ Str+2}
rCold   . . .        (no shield)
rNeg    + + .        (helmet restricted)
rPois   +            (no amulet)
rElec   +            g - ring of poison resistance
rCorr   .            A - ring of positive energy
SInv    .            (no ring)
Will    .....        (no ring)
Stlth   +++          (no ring)
HPRegen 0.30/turn    (no ring)
MPRegen 0.11/turn    (no ring)
                     (no ring)

%: no passive effects
@: no status effects
A: almost no armour, amphibious, 8 rings, camouflage 1, gelatinous body 1,
(nimble swimmer 1), tentacles
a: Renounce Religion, Potion Petition, Call Merchant, Bribe Branch


You were on level 8 of the Dungeon.
You worshipped Gozag.
Gozag was aware of your devotion.
You visited 2 branches of the dungeon, and saw 9 of its levels.
You also visited: Sewer.

You collected 735 gold pieces.
You spent 187 gold pieces at shops.
You paid 143 gold pieces to Gozag.

Inventory:

Hand Weapons
 w - the +8 long sword of Poogar (weapon) {heavy, rElec rPois rN+ Str+2}
   (You bought it in a shop on level 8 of the Dungeon)

   Str+2:     It affects your strength (+2).
   rElec:     It insulates you from electricity.
   rPois:     It protects you from poison rN+: It protects you from negative
   energy.
Missiles
 l - 6 curare-tipped darts
 m - 3 poisoned darts
 y - 6 atropa-tipped darts
Magical Staves
 f - a staff of fire
Jewellery
 g - a ring of poison resistance (left tentacle)
 A - a ring of positive energy (right tentacle)
Wands
 c - a wand of charming (3)
 d - a wand of iceblast (2)
Scrolls
 e - a scroll of noise
 q - a scroll of identify
 v - a scroll of blinking
 C - a scroll of immolation
 D - 4 scrolls of poison
Potions
 a - a potion of brilliance {unknown}
 b - a potion of lignification {unknown}
 i - a potion of curing
 k - a potion of attraction
 n - a potion of resistance {unknown}
 o - a potion of mutation {unknown}
 p - a potion of haste
 u - 3 potions of heal wounds {unknown}
 x - a potion of berserk rage {unknown}
 z - 2 potions of invisibility {unknown}
 B - 2 potions of magic {unknown}


   Skills:
 + Level 5.4 Fighting
 * Level 1.6 Long Blades
 - Level 2.3 Dodging
 - Level 1.3 Stealth
 + Level 11.9 Unarmed Combat
 - Level 3.2 Evocations


You had 8 spell levels left.
You didn't know any spells.
Your spell library contained the following spells:

 Spells                   Type           Power      Damage    Failure   Level
 Lesser Beckoning         Tloc           0%         N/A       34%         2
 Gell's Gravitas          Tloc           0%         N/A       56%         3
 Hailstorm                Conj/Ice       0%         3d5       56%         3
 Summon Ice Beast         Ice/Summ       0%         N/A       56%         3
 Teleport Other           Tloc           0%         N/A       56%         3
 Sculpt Simulacrum        Ice/Alch       0%         N/A       100%        6


Dungeon Overview and Level Annotations

Branches:
Dungeon (8/15)             Temple (1/1) D:6           Sewer (visited)
   Lair: D:8-11

Altars:
Ashenzari
Cheibriados
Elyvilon
Fedhas
Gozag
Hepliaklqana
Kikubaaqudgha
Makhleb
Nemelex Xobeh
Okawaru
Qazlal
Ru
Sif Muna
Trog
Uskayaw
Vehumet
Wu Jian
Xom
Yredelemnul
Zin
The Shining One

Shops:
D:5 (   D:8 (

Annotations:
D:3 exclusion: downstairs
D:5 exclusion: downstairs


Innate Abilities, Weirdness & Mutations

You cannot wear most types of armour.
You are amphibious.
You can wear up to eight rings at the same time.
Your skin changes colour to match your surroundings (Stealth+).
Your rubbery body absorbs attacks. (AC +1, EV +1)
((You are camouflaged when in or above water. (Stealth+)))
You have tentacles for arms and can constrict up to eight enemies at once.


Message History

Your grab misses the killer bee.
The killer bee is severely wounded.
You hear a shout!
The killer bee stings you!
* * * LOW HITPOINT WARNING * * *
The killer bee completely misses you. The gnoll sergeant barely misses you.
The killer bee misses you.
The gnoll sergeant hits you from afar with a +0 trident of protection!
* * * LOW HITPOINT WARNING * * *
The killer bee stings you.
* * * LOW HITPOINT WARNING * * *
You hear an angry buzzing noise.
Aiming: Charm
Press: ? - help, Shift-Dir - straight line, f - killer bee
Aim: a killer bee (severely wounded, chance to affect: 66%)
The killer bee struggles to resist.
You hear the steady creaking of a portcullis very nearby.
The killer bee misses you. The gnoll sergeant barely misses you.
The killer bee stings you but does no damage.
Aiming: Charm
Press: ? - help, Shift-Dir - straight line, f/p - killer bee
Aim: a killer bee (severely wounded, chance to affect: 66%)
The killer bee struggles to resist.
The killer bee completely misses you. The gnoll sergeant closely misses you.
The killer bee closely misses you.
Unknown command.
The killer bee attacks as it pursues you!
The killer bee completely misses you. The killer bee barely misses you.
Aiming: Charm
Press: ? - help, Shift-Dir - straight line, f/p - killer bee
Aim: a killer bee (severely wounded, chance to affect: 66%)
The killer bee struggles to resist.
The killer bee closely misses you. The gnoll sergeant closely misses you.
The killer bee misses you.
Unknown command.
Aiming: Charm
Press: ? - help, Shift-Dir - straight line, f/p - killer bee
Aim: a killer bee (severely wounded, chance to affect: 66%)
The killer bee is charmed.
The gnoll sergeant hits you from afar with a +0 trident of protection.
You die...
Your body crumbles into a pile of gold.

............$.#############
##.#.#.#.#.##..# ..
#.......>...##..# .#
##.#.#.#.#.####..# #.##.
#............###.####
#..##...## ##.#.#.#.#.#..#
....###..###.....
#.............##
##.##..........#
##.#.#.#.#.##$.####g.#.....###.
.........?.##..@yggg.$.....##
##.#.#.#.#.# ########.......#
#.K.....$.## #.........
...#####g.$#### ..........
g.F..###.y{...##..###g.....##.
##y§.§..FgD.......#..y........
.##§.yy###..................
####### ##...............##
....... ......####.#


You could see a gnoll sergeant, 2 gnolls, a goblin and a friendly killer bee
(charmed).

Vanquished Creatures
  Sigmund (D:6)
  Menkaure (D:7)
  Pargi (Sewer)
  An ice beast (D:5)
  4 black bears
  2 brain worms (Sewer)
  A gnoll sergeant (D:7)
  A kobold brigand (D:7)
  5 bullfrogs
  6 scorpions
  5 wights
  2 howler monkeys (D:8)
  3 bombardier beetles
  5 hounds
  An orc priest (D:5)
  2 jellies (D:7)
  4 iguanas
  5 orc wizards
  4 gnolls
  6 adders
  A shadow imp (D:6)
  2 ufetubi (D:5)
  22 orcs
  5 endoplasms
  A giant cockroach (D:1)
  8 goblins
  7 hobgoblins
  3 jackals
  10 kobolds
  A quokka (D:1)
  6 ball pythons
  2 bats
  11 frilled lizards
  5 rats
144 creatures vanquished.

Vanquished Creatures (collateral kills)
  A yak (D:8)
  A gnoll (D:7)
  An orc (D:8)
3 creatures vanquished.

Vanquished Creatures (others)
  A black bear (D:8)
  A centaur (D:8)
  2 wights
4 creatures vanquished.

Grand Total: 151 creatures vanquished

Notes
Turn   | Place    | Note
-------+----------+-------------------------------------------
     0 | D:1      | H0rd4k the Octopode Artificer began the quest for the Orb.
     0 | D:1      | Reached XP level 1. HP: 13/13 MP: 1/1
   130 | D:1      | Reached skill level 1 in Unarmed Combat
   199 | D:1      | Reached XP level 2. HP: 18/18 MP: 2/2
   541 | D:1      | Reached skill level 2 in Unarmed Combat
   625 | D:1      | Reached XP level 3. HP: 23/23 MP: 3/3
   954 | D:2      | You fall into a shaft and drop 1 floor!
  1435 | D:3      | Reached skill level 3 in Unarmed Combat
  1435 | D:3      | Reached XP level 4. HP: 29/29 MP: 4/4
  1990 | D:4      | Noticed a black bear
  2140 | D:4      | Reached skill level 4 in Unarmed Combat
  2140 | D:4      | Reached XP level 5. HP: 30/34 MP: 5/5
  2491 | D:4      | Killed a black bear
  2492 | D:4      | Reached skill level 5 in Unarmed Combat
  2492 | D:4      | Reached XP level 6. HP: 30/41 MP: 6/6
  2549 | D:4      | Found an iron altar of Okawaru.
  2550 | D:4      | Found a sparkling altar of Nemelex Xobeh.
  2550 | D:4      | Found a basalt altar of Yredelemnul.
  2734 | D:4      | Found an ornate altar of the Wu Jian Council.
  2806 | D:5      | Entered Level 5 of the Dungeon
  2806 | D:5      | Noticed an ice beast
  2810 | D:5      | Killed an ice beast
  2811 | D:5      | Reached skill level 6 in Unarmed Combat
  2811 | D:5      | Reached XP level 7. HP: 46/46 MP: 7/7
  2903 | D:5      | Found a glowing drain.
  2916 | Sewer    | Entered a sewer
  2991 | Sewer    | Noticed Pargi
  3006 | Sewer    | Killed Pargi
  3007 | Sewer    | Reached skill level 7 in Unarmed Combat
  3314 | D:5      | Reached XP level 8. HP: 29/52 MP: 8/8
  3368 | D:5      | Reached skill level 8 in Unarmed Combat
  3790 | D:5      | Found Cuozis's Antique Weapon Shoppe.
  3871 | D:6      | Noticed Sigmund
  4078 | D:6      | Found a staircase to the Ecumenical Temple.
  4094 | Temple   | Entered the Ecumenical Temple
  4126 | Temple   | Became a worshipper of Gozag Ym Sagoz the Greedy
  4299 | D:6      | Reached skill level 9 in Unarmed Combat
  4763 | D:6      | Killed Sigmund
  4764 | D:6      | Reached skill level 10 in Unarmed Combat
  4764 | D:6      | Reached XP level 9. HP: 59/59 MP: 9/9
  5531 | D:7      | Reached skill level 5 in Fighting
  5601 | D:7      | Found a broken altar of Ashenzari.
  5746 | D:7      | Reached skill level 11 in Unarmed Combat
  5864 | D:7      | Found a stormy altar of Qazlal.
  6262 | D:7      | Found a glowing golden altar of the Shining One.
  6470 | D:7      | Noticed Menkaure
  6477 | D:7      | Killed Menkaure
  6511 | D:8      | Found Tulab's Antique Weapon Boutique.
  6536 | D:8      | Bought a steaming long sword for 187 gold pieces
  6536 | D:8      | Identified the +8 long sword of Poogar {heavy, rElec rPois
                  | rN+ Str+2} (You bought it in a shop on level 8 of the
                  | Dungeon)
  6736 | D:8      | Reached skill level 1 in Long Blades
  6870 | D:8      | Identified the +2 mace of Natiusem {venom, ^Fragile rElec
                  | Dex+9 Stlth+}
  6884 | D:8      | Slain by a gnoll sergeant

Illustrated notes

Levels and vault maps discovered:
D:1:      dpeg_arrival_stone_temple_mockup, layout_loops_ring,
          grunt_decor_resistance, minmay_misc_feat_four_crosses,
          wad_floor_pattern_untrapped
D:2:      minmay_roachtagon, layout_basic
D:3:      layout_basic
D:4:      layout_rooms, lemuel_tele_altar,
          chequers_temple_overflow_statue_of_worship, kennysheep_generic_room_10
D:5:      cheibrodos_quashed, layout_rooms, portal_sewer_entry_d, serial_shops,
          nicolae_lakefront_shop, minmay_misc_feat_cross
D:6:      minmay_spotlight, layout_gridville, minmay_temple_entry_tees,
          minmay_lizard_king, uniq_sigmund
D:7:      layout_rooms, tso_altar, mainiacjoe_overflow_catch_the_wave,
          uniq_menkaure
D:8:      layout_rooms, enter_bailey_7, serial_shops, shop, st_stairs_10
Temple:   compressed_dpeg_circular_temple

Skill      XL: |  1  2  3  4  5  6  7  8  9 |
---------------+----------------------------+-----
Unarmed Combat | 1 2 3 4 5 6 7 10 11 | 11.9
Fighting       | 2 3 4 5 |  5.4
Long Blades    | 1 |  1.6
Dodging        | |  2.3
Stealth        | |  1.3
Evocations     | |  3.2

Action                     |  1- 3 |  4- 6 |  7- 9 || total
---------------------------+-------+-------+-------++-------
  Melee: Unarmed           |    79 |    56 |   204 ||   339
         Tentacles         |    21 |    13 |    52 ||    86
         Constrict         |    18 |    15 |    52 ||    85
         Punch             |     2 |     5 |    12 ||    19
         Long sword        |       |       |    17 ||    17
  Evoke: Wand              |       |     4 |    29 ||    33
    Use: Potion            |       |       |     4 ||     4
         Scroll            |       |       |    12 ||    12
   Stab: Sleeping          |     8 |     7 |    10 ||    25
 Armour: Skin              |    24 |    34 |   145 ||   203
  Dodge: Dodged            |    37 |    35 |   160 ||   232
